 Dungeon Crawl Stone Soup version 0.28-a0-861-ge64d6db94f (webtiles) character file.

Game seed: 12114018847935926911

42 ders the Insei (level 3, -8/28 HPs)
             Began as a Gnoll Transmuter on Nov 15, 2021.
             Killed from afar by Natasha (9 damage)
             ... with a magic dart
             ... on level 2 of the Dungeon.
             The game lasted 00:02:08 (2122 turns).

ders the Insei (Gnoll Transmuter)                   Turns: 2122, Time: 00:02:08

Health: -8/28      AC:  2    Str: 10    XL:     3   Next: 56%
Magic:  7/9        EV: 13    Int: 12    God:
Gold:   46         SH:  0    Dex: 12    Spells: 9/12 levels left

rFire   . . .      SeeInvis .   c - +0 dagger
rCold   . . .      Faith    .   (no shield)
rNeg    . . .      Spirit   .   a - +0 robe
rPois   .          Reflect  .   (helmet currently unavailable)
rElec   .          Harm     .   (no cloak)
rCorr   .          Rampage  .   (no gloves)
Will    .....                   (boots currently unavailable)
Stlth   +.........              (no amulet)
HPRegen 0.09/turn               (no ring)
MPRegen 0.11/turn               (no ring)

@: mighty, appendages (expiring), wereblooded
A: horns 2, talons 2, fangs 1, strong nose, distributed training
a: End Transformation


You were on level 2 of the Dungeon.
You had temporarily grown beastly horns and talons.
You visited 1 branch of the dungeon, and saw 2 of its levels.

You collected 46 gold pieces.

Inventory:

Hand Weapons
 c - a +0 dagger (weapon)
Armour
 a - a +0 robe (worn)
Scrolls
 d - a scroll of enchant armour {unknown}
Potions
 b - a potion of might


   Skills:
 + Level 2.6 Fighting
 + Level 0.8 Short Blades
 + Level 0.8 Long Blades
 + Level 0.8 Axes
 + Level 0.8 Maces & Flails
 + Level 0.8 Polearms
 + Level 0.8 Staves
 + Level 0.8 Slings
 + Level 0.8 Bows
 + Level 0.8 Crossbows
 + Level 0.8 Throwing
 + Level 0.8 Armour
 + Level 4.5 Dodging
 + Level 0.8 Stealth
 + Level 0.8 Shields
 + Level 6.5 Unarmed Combat
 + Level 5.0 Spellcasting
 + Level 0.5 Conjurations
 + Level 0.5 Hexes
 + Level 0.5 Summonings
 + Level 0.5 Necromancy
 + Level 0.5 Translocations
 + Level 3.7 Transmutations
 + Level 0.5 Fire Magic
 + Level 0.5 Ice Magic
 + Level 0.5 Air Magic
 + Level 0.5 Earth Magic
 + Level 0.5 Poison Magic
 + Level 1.0 Invocations
 + Level 0.8 Evocations


You had 9 spell levels left.
You knew the following spells:

 Your Spells              Type           Power      Damage    Failure   Level
a - Beastly Appendage     Tmut           24%        N/A       4%          1
b - Wereblood             Tmut           12%        N/A       6%          2

Your spell library contained the following spells:

 Spells                   Type           Power      Damage    Failure   Level
 Spider Form              Tmut/Pois      8%         N/A       24%         3
 Ice Form                 Ice/Tmut       8%         N/A       63%         4
 Passage of Golubria      Tloc           4%         N/A       83%         4
 Silence                  Hex/Air        2%         N/A       99%         5
 Lehudib's Crystal Spear  Conj/Erth      2%         10d2      100%        8


Dungeon Overview and Level Annotations

Branches:
Dungeon (2/15)

Altars:

Shops:
D:1 ?

Annotations:
D:2 Natasha


Innate Abilities, Weirdness & Mutations

You have temporarily grown beastly horns and talons.
You have very sharp teeth.
Your uncanny sense of smell can sniff out nearby items.
Your experience applies equally to all skills.


Message History

Natasha is lightly wounded.
The hobgoblin hits you but does no damage.
Natasha claws you!
You hit Natasha.
Natasha is moderately wounded.
The hobgoblin hits you.
You hit Natasha. You claw Natasha.
Natasha is severely wounded.
Natasha claws you but does no damage. The hobgoblin barely misses you.
You closely miss Natasha. Your headbutt misses Natasha.
Natasha is severely wounded.
Natasha barely misses you. The endoplasm freezes you.
You are frozen.
* * * LOW HITPOINT WARNING * * *
The hobgoblin completely misses you.
You barely miss the endoplasm. You claw the endoplasm.
You bite the endoplasm, but do no damage.
The endoplasm is severely wounded.
Natasha extends her claws.
Natasha stares at you and mumbles some strange words.
The magic dart hits you.
* * * LOW HITPOINT WARNING * * *
The endoplasm misses you. The hobgoblin completely misses you.
You hit the endoplasm but do no damage. You headbutt the endoplasm.
You feel a bit better.
You kill the endoplasm!
Natasha barely misses you.
You closely miss Natasha.
Natasha is severely wounded.
Your transformation is almost over.
The hobgoblin closely misses you. Natasha claws you.
* * * LOW HITPOINT WARNING * * *
It was a potion of might.
You feel very mighty all of a sudden. The hobgoblin hits you.
* * * LOW HITPOINT WARNING * * *
Natasha stares at you and mumbles some strange words.
The magic dart hits you!
You die...

∆..#### .....#
.#.#.# .....## ♣
♣♣♣ ....... ♣.
#♣.♣# #♣.....#
...♣♣♣..†♣♣♣hg..#
............@?#
#####.#.###.......#
...#...# ###.#####
#.#.### .#
####....# .# #
#.......# .# #
#.##....# .# ♣
#.##.#### .#
####.##.# ∆


You could see Natasha and a hobgoblin.

Vanquished Creatures
  A gnoll (D:1)
  A bat (D:2)
  6 endoplasms
  2 hobgoblins (D:1)
  4 jackals (D:1)
  2 quokkas (D:1)
  3 ball pythons
  3 frilled lizards (D:1)
  4 goblins
  3 kobolds
  A rat (D:2)
30 creatures vanquished.

Notes
Turn   | Place    | Note
-------+----------+-------------------------------------------
     0 | D:1      | ders the Gnoll Transmuter began the quest for the Orb.
     0 | D:1      | Reached XP level 1. HP: 17/17 MP: 6/6
   607 | D:1      | Reached XP level 2. HP: 23/23 MP: 5/7
   616 | D:1      | Learned a level 2 spell: Wereblood
   651 | D:1      | Found Nuxtupp's Magic Scroll Shoppe.
   938 | D:1      | Reached XP level 3. HP: 21/28 MP: 6/9
  1078 | D:1      | Reached skill level 5 in Spellcasting
  1961 | D:2      | Reached skill level 1 in Invocations
  2109 | D:2      | Noticed Natasha
  2122 | D:2      | HP: 1/28 [hobgoblin (2)]
  2122 | D:2      | Killed from afar by Natasha

Illustrated notes

Levels and vault maps discovered:
D:1:      matt_arrival_spirals, layout_loops_ring, serial_shops, shop,
          st_stairs_8, hangedman_decor_opposing
D:2:      layout_loops_corners, serial_shops, nicolae_diamond_shop, basic_altar,
          ebering_ecumenical_altar_hall, minmay_stone_trees_large,
          grunt_ministairs_8, solitary_fountain, uniq_natasha

Skill      XL: |  1  2  3 |
---------------+----------+-----
Spellcasting   | 5 |  5.0
Invocations    | 1 |  1.0
Fighting       | |  2.6
Short Blades   | |  0.8
Long Blades    | |  0.8
Axes           | |  0.8
Maces & Flails | |  0.8
Polearms       | |  0.8
Staves         | |  0.8
Slings         | |  0.8
Bows           | |  0.8
Crossbows      | |  0.8
Throwing       | |  0.8
Armour         | |  0.8
Dodging        | |  4.5
Stealth        | |  0.8
Shields        | |  0.8
Unarmed Combat | |  6.5
Conjurations   | |  0.5
Hexes          | |  0.5
Summonings     | |  0.5
Necromancy     | |  0.5
Translocations | |  0.5
Transmutations | |  3.7
Fire Magic     | |  0.5
Ice Magic      | |  0.5
Air Magic      | |  0.5
Earth Magic    | |  0.5
Poison Magic   | |  0.5
Evocations     | |  0.8

Action                   || total
-------------------------++-------
Melee: Dagger            ||    91
       Unarmed           ||     6
       Bite              ||    11
       Kick              ||    16
       Punch             ||     2
       Headbutt          ||     9
 Cast: Beastly Appendage ||    19
       Wereblood         ||     4
  Use: Scroll            ||     1
       Potion            ||     1
 Stab: Sleeping          ||     1
Armor: Robe              ||    18
Dodge: Dodged            ||    84

Table legend: (Time is in decaauts)
 A = Elapsed time spent in this place.
 B = Non-inter-level travel time spent in this place.
 C = Inter-level travel time spent in this place.
 D = Time resting spent in this place.
 E = Time spent auto-exploring this place.
 F = Levels seen in this place.
 G = Mean time per level.
                   A        B        C        D        E       F      G
               +--------+--------+--------+--------+--------+-----+--------+
         Total |   2118 |   2075 |     43 |    805 |   1038 |   2 | 1059.0 |
       Dungeon |   2118 |   2075 |     43 |    805 |   1038 |   2 | 1059.0 |
               +--------+--------+--------+--------+--------+-----+--------+

Top non-repeatable levels by time:
     D:1: 1945 daAuts
     D:2: 172 daAuts
